 Dungeon Crawl Stone Soup version 0.29.1-15-g9cfb28693d (webtiles) character file.

Game seed: 13745847941310640385

16 IndexError the Shooter (level 2, -1/18 HPs)
             Began as a Gargoyle Hunter on Mar 6, 2023.
             Slain by an iron imp (9 damage)
             ... summoned by Natasha
             ... on level 2 of the Dungeon.
             The game lasted 00:00:51 (643 turns).

IndexError the Shooter (Gargoyle Hunter)             Turns: 643, Time: 00:00:51

Health: -1/18      AC:  5    Str: 14    XL:     2   Next: 54%
Magic:  2/2        EV: 11    Int:  9    God:
Gold:   63         SH:  0    Dex: 13    Spells: 1/1 levels left

rFire   . . .      SeeInvis .   a - +0 shortbow
rCold   . . .      Faith    .   (shield currently unavailable)
rNeg    + . .      Spirit   .   c - +0 leather armour
rPois   ∞          Reflect  .   (no helmet)
rElec   +          Harm     .   (no cloak)
rCorr   .          Rampage  .   (no gloves)
Will    .....                   (no boots)
Stlth   +.........              (no amulet)
HPRegen 0.06/turn               (no ring)
MPRegen 0.08/turn               (no ring)

@: no status effects
A: sickness immunity, AC +2, negative energy resistance 1, electricity
resistance, torment resistance 1, petrification resistance
a: no special abilities


You were on level 2 of the Dungeon.
You visited 1 branch of the dungeon, and saw 2 of its levels.

You collected 63 gold pieces.

Inventory:

Hand Weapons
 a - a +0 shortbow (weapon)
Armour
 c - a +0 leather armour (worn)
Scrolls
 b - a scroll of immolation {!r}
 d - a scroll of enchant armour {unknown}
 e - 2 scrolls of identify {unknown}
 g - a scroll of fog {unknown}
 h - a scroll of summoning {unknown}
Potions
 f - 2 potions of curing {unknown}


   Skills:
 + Level 2.6 Fighting
 * Level 4.4 Ranged Weapons
 - Level 1.5 Dodging
 - Level 1.1 Stealth


You had one spell level left.
You didn't know any spells.
Your spell library was empty.

Dungeon Overview and Level Annotations

Branches:
Dungeon (2/15)

Altars:

Shops:
D:1 =

Annotations:
D:2 Natasha


Innate Abilities, Weirdness & Mutations

You are immune to sickness and miasma.
Your stone body is resilient. (AC +2)
You are immune to poison.
You resist negative energy. (rN+)
You are resistant to electric shocks. (rElec)
You are resistant to unholy torment.
You are immune to petrification.


Message History

A hobgoblin comes into view.
The hobgoblin shouts!
A hobgoblin is nearby!
You shoot an arrow. The arrow hits the hobgoblin.
You shoot an arrow. The arrow hits the hobgoblin.
No target in view!
No target in view!
There is an entrance to Wiblufra's Jewellery Shop here.
A ball python comes into view.
The ball python hisses angrily.
An endoplasm comes into view.
You shoot an arrow.
The arrow closely misses the ball python.
The endoplasm quivers.
The arrow hits the endoplasm.
You shoot an arrow.
The arrow closely misses the ball python.
The arrow hits the endoplasm.
You have reached level 2!
You shoot an arrow.
The arrow closely misses the ball python.
You shoot an arrow. The arrow hits the ball python.
The ball python bites you. The ball python misses you.
The ball python bites you but does no damage.
The ball python barely misses you.
You regained 4 hp, and now have 17/18 hp.
MP restored: 2 You shoot an arrow.
The arrow hits the ball python.
No target in view!
HP restored.
You see here a ball python corpse.
A hobgoblin comes into view.
Health restored: 18 You shoot an arrow.
The arrow hits the hobgoblin.
The hobgoblin closely misses you.
You shoot an arrow.
The arrow hits the hobgoblin but does no damage.
The hobgoblin barely misses you.
You shoot an arrow. The arrow hits the hobgoblin.
You see here a hobgoblin corpse.
There is a stone staircase leading down here.
You see here a +0 ring mail.
A ball python comes into view.
You shoot an arrow. The arrow hits the ball python.
The ball python hisses angrily.
You shoot an arrow. The arrow hits the ball python.
No target in view!
No target in view!
You now have 45 gold pieces (gained 11).
A hobgoblin comes into view.
You shoot an arrow. The arrow hits the hobgoblin.
The hobgoblin shouts!
You shoot an arrow. The arrow hits the hobgoblin.
You shoot an arrow. The arrow barely misses the hobgoblin.
You shoot an arrow. The arrow hits the hobgoblin.
No target in view!
No target in view!
You see here a hobgoblin corpse.
You now have 55 gold pieces (gained 10).
Found a stone staircase leading down.
e - 2 scrolls labelled ZYSYOK QOXI (gained 1)
f - 2 murky amethyst potions (gained 1)
You now have 63 gold pieces (gained 8).
A kobold comes into view. It is wielding a +0 short sword.
The kobold shouts!
You shoot an arrow. The arrow hits the kobold.
No target in view!
No target in view!
Done exploring.
No target in view!
Done exploring.
There is a stone staircase leading down here.
You climb downwards.
Marking area around Natasha as unsafe for travelling.
There is a stone staircase leading up here.
You shoot an arrow. The arrow hits the hobgoblin.
The ball python hisses angrily.
You shoot an arrow. The arrow hits the hobgoblin.
Natasha casts a spell at you. The magic dart hits you.
You take 3 damage, and have 15/18 hp.
You shoot an arrow.
The arrow hits the ball python but does no damage.
You shoot an arrow. The arrow hits the ball python.
Natasha casts a spell at you. You resist with significant effort.
You shoot an arrow. The arrow hits Natasha!
Natasha mumbles some strange words.
A goblin comes into view. It is wielding a +0 dagger.
You shoot an arrow. The goblin shouts!
The arrow hits Natasha.
The goblin unwields a +0 dagger.
The goblin wields a +0 sling.
The goblin shoots a sling bullet.
The sling bullet hits you. The endoplasm freezes you.
You are frozen.
Natasha casts a spell.
The iron imp hits you!
Ouch! That really hurt!
You die...

##..... #
......g #.
....... #P.
.......
#.♣♣♣.......
#PP........
#5........
#@J......
#h5.!....
#.#...♣♣.
#.#.♣.P♣ ..#
. ..♣ #.. ♣♣
.♣ .?# . ###


You could see an iron imp (summoned), Natasha, a crimson imp (summoned), an
endoplasm and a goblin.

Vanquished Creatures
  2 endoplasms (D:1)
  A giant cockroach (D:1)
  4 hobgoblins
  4 ball pythons
  2 bats (D:1)
  A kobold (D:1)
14 creatures vanquished.

Notes
Turn   | Place    | Note
-------+----------+-------------------------------------------
     0 | D:1      | IndexError the Gargoyle Hunter began the quest for the Orb.
     0 | D:1      | Reached XP level 1. HP: 12/12 MP: 1/1
   195 | D:1      | Found Wiblufra's Jewellery Shop.
   231 | D:1      | Reached XP level 2. HP: 18/18 MP: 2/2
   637 | D:2      | Noticed Natasha
   643 | D:2      | Slain by an iron imp

Illustrated notes

Levels and vault maps discovered:
D:1:      minmay_arrival_split_and_join, layout_loops_ring, serial_shops, shop
D:2:      layout_rooms, serial_forest, infiniplex_forest_corner_1,
          infiniplex_forest_clump_tiny, infiniplex_forest_clump_small,
          infiniplex_forest_lined_3, infiniplex_forest_lined_2,
          infiniplex_forest_split, infiniplex_forest_clump_C,
          hellmonk_ecumenical_altar_dog_temple, uniq_natasha

Action                   || total
-------------------------++-------
 Fire: Shortbow          ||    30
Armor: Leather armour    ||     1
Dodge: Dodged            ||     4

Table legend: (Time is in decaauts)
 A = Elapsed time spent in this place.
 B = Non-inter-level travel time spent in this place.
 C = Inter-level travel time spent in this place.
 D = Time resting spent in this place.
 E = Time spent auto-exploring this place.
 F = Levels seen in this place.
 G = Mean time per level.
                   A        B        C        D        E       F      G
               +--------+--------+--------+--------+--------+-----+--------+
         Total |    652 |    624 |     28 |      0 |    563 |   2 |  326.0 |
       Dungeon |    652 |    624 |     28 |      0 |    563 |   2 |  326.0 |
               +--------+--------+--------+--------+--------+-----+--------+

Top non-repeatable levels by time:
     D:1: 645 daAuts
     D:2: 7 daAuts

Table legend:
 A = Kills in this place as a percentage of kills in entire the game.
 B = Kills by you in this place as a percentage of kills by you in the entire game.
 C = Kills by friends in this place as a percentage of kills by friends in the entire game.
 D = Other kills in this place as a percentage of other kills in the entire game.
 E = Experience gained in this place as a percentage of experience gained in the entire game.
 F = Experience gained in this place divided by the number of levels of this place that you have seen.
                   A       B       C       D       E      F
               +-------+-------+-------+-------+-------+----------------------
         Total | 100.0 | 100.0 |   N/A |   N/A | 100.0 |  11.5
       Dungeon | 100.0 | 100.0 |   N/A |   N/A | 100.0 |  11.5
               +-------+-------+-------+-------+-------+----------------------
